 Dungeon Crawl Stone Soup version 0.30-a0-928-g7f6bbad527 (webtiles) character file.

Game seed: 979229683549135567

142 Morbidden the Digger (level 5, -2/36 HPs)
             Began as a Demonspawn Earth Elementalist on Mar 23, 2023.
             Killed from afar by Duvessa (10 damage)
             ... with a puff of flame
             ... on level 4 of the Dungeon.
             The game lasted 00:03:24 (3100 turns).

Morbidden the Digger (DsEE)                         Turns: 3100, Time: 00:03:25

Health: -2/36      AC:  2    Str:  9    XL:     5   Next: 4%
Magic:  8/9        EV: 17    Int: 18    God:
Gold:   198        SH:  0    Dex: 13    Spells: 2/10 levels left

rFire   . . .      SeeInvis .    a - +0 long sword
rCold   . . .      Faith    .    (no shield)
rNeg    . . .      Spirit   .    t - +0 robe
rPois   .          Reflect  .    (no helmet)
rElec   .          Rampage  .    (no cloak)
rCorr   .                        (no gloves)
Will    +....                    (no boots)
Stlth   ++                       (no amulet)
HPRegen 0.26/turn                k - ring of willpower
MPRegen 0.11/turn                j - ring of wizardry

@: agile
A: powered by pain 1, condensation shield
a: no special abilities


You were on level 4 of the Dungeon.
You visited 1 branch of the dungeon, and saw 4 of its levels.

You collected 198 gold pieces.

Inventory:

Hand Weapons
 a - a +0 long sword (weapon)
Missiles
 m - a throwing net
 r - 5 poisoned darts
Armour
 s - a +0 pair of gloves
 t - a +0 robe (worn)
Magical Staves
 l - a staff of air
Jewellery
 e - a ring of flight
 j - a ring of wizardry (right hand)
 k - a ring of willpower (left hand)
 x - a ring of fire
Wands
 p - a wand of quicksilver (6)
Scrolls
 c - a scroll of noise {unknown}
 d - 6 scrolls of identify {unknown}
 g - 2 scrolls of fog {unknown}
 o - a scroll of blinking {unknown}
 q - a scroll of vulnerability {unknown}
 v - 3 scrolls of silence {unknown}
Potions
 b - a potion of magic
 f - a potion of ambrosia {unknown}
 h - a potion of invisibility {unknown}
 i - a potion of flight {unknown}
 n - a potion of brilliance {unknown}
 u - 2 potions of attraction {unknown}
 w - a potion of mutation {unknown}


   Skills:
 * Level 0.8 Fighting
 * Level 1.1 Armour
 * Level 2.1 Dodging
 + Level 1.8 Stealth
 + Level 0.1 Shields
 * Level 3.2 Spellcasting
 * Level 0.1 Conjurations
 * Level 1.5 Transmutations
 * Level 0.1 Air Magic
 * Level 3.6 Earth Magic


You had 2 spell levels left.
You knew the following spells:

 Your Spells              Type           Power      Damage    Failure   Level
a - Sandblast             Erth           30%        2d9       1%          1
b - Stone Arrow           Conj/Erth      18%        3d8       9%          3
c - Airstrike             Air            1%         2d(1-17)  50%         4

Your spell library contained the following spells:

 Spells                   Type           Power      Damage    Failure   Level
 Passwall                 Tmut/Erth      10%        N/A       3%          2
 Sting                    Tmut/Pois      20%        1d4       4%          1
 Necrotise                Necr           8%         1d4       6%          1
 Shock                    Conj/Air       12%        1d3       6%          1
 Cigotuvi's Dreadful Rot  Necr/Pois/Air  6%         N/A       10%         2
 Poisonous Vapours        Pois/Air       6%         N/A       10%         2
 Swiftness                Air            3%         N/A       17%         3
 Call Canine Familiar     Summ           2%         N/A       19%         3
 Mephitic Cloud           Conj/Pois/Air  3%         N/A       19%         3
 Portal Projectile        Hex/Tloc       4%         N/A       19%         3
 Vampiric Draining        Necr           2%         2d6       19%         3
 Petrify                  Tmut/Erth      12%        N/A       22%         4
 Leda's Liquefaction      Hex/Erth       4%         N/A       28%         4
 Olgreb's Toxic Radiance  Pois           2%         N/A       52%         4
 Agony                    Necr           2%         N/A       85%         5


Dungeon Overview and Level Annotations

Branches:
Dungeon (4/15)
 Temple: D:4-7

Altars:

Annotations:
D:4 Dowan, Duvessa


Innate Abilities, Weirdness & Mutations

You sometimes gain a little power by taking damage.
A meltable shield of frost defends you. (SH +0)


Message History

A ball python is nearby!
Casting: Sandblast (safe; 1% risk of failure)
Confirm with . or Enter, or press ? or * to list all spells.
You can't see any susceptible monsters within range! (Use Z to cast anyway.)
A ball python is nearby!
Casting: Sandblast (safe; 1% risk of failure)
Confirm with . or Enter, or press ? or * to list all spells.
You can't see any susceptible monsters within range! (Use Z to cast anyway.)
A ball python is nearby!
Duvessa, Sister of Dowan comes into view.
She is wielding a +0 short sword and carrying a wand of flame (26).
Casting: Sandblast (safe; 1% risk of failure)
Confirm with . or Enter, or press ? or * to list all spells.
Aiming: Sandblast (safe; 1% risk of failure)
Press: ? - help, Shift-Dir - straight line, f - ball python
Aim: a ball python (80% to hit)
The blast of sand hits the ball python!
You kill the ball python!
Casting: Sandblast (safe; 1% risk of failure)
Confirm with . or Enter, or press ? or * to list all spells.
Aiming: Sandblast (safe; 1% risk of failure)
Press: ? - help, Shift-Dir - straight line, f - Duvessa
Aim: Duvessa, wielding a +0 short sword, wearing a +0 leather armour and carrying a wand of flame (26) (asleep, 100% to hit)
The blast of sand hits Duvessa!
Duvessa is lightly wounded.
Duvessa shouts!
Dowan, Brother of Duvessa comes into view.
He is wielding a +0 dagger and wearing a +1 robe of fire resistance.
Okay, then.
Duvessa zaps a wand.
The puff of flame hits you!
Your condensation shield dissipates!
Duvessa zaps a wand.
The puff of flame hits you!
You focus on the pain.
You feel agile all of a sudden.
Duvessa gestures with her weapon.
Duvessa gestures with her weapon.
Duvessa zaps a wand.
The puff of flame hits you!
* * * LOW HITPOINT WARNING * * *
You focus on the pain.
You feel more agile all of a sudden.
Duvessa says, "My weaknesses are his strengths!"
Duvessa zaps a wand.
The puff of flame hits you!
You die...

#.................#....
#.................#.###
#.................#.# #
######.####.......#.# #
#.# #.........# # #.#
#........###. #.#
#........#... #.#
####.##.#.... #@#
#..##....## #.#
###)....####
#####.####...#...#
#..........#.#.#.#
#..........#...#.#
#..........#..#..#
#.....e.........##
#...........#.###
#....e......#.#


You could see Duvessa.

Vanquished Creatures
  A sleepcap (D:4)
  3 gnolls (D:2)
  A worm (D:2)
  6 dart slugs
  3 endoplasms
  5 giant cockroaches
  6 hobgoblins
  12 jackals
  3 quokkas
  5 ball pythons
  A bat (D:3)
  4 frilled lizards
  6 goblins
  8 kobolds
  3 rats (D:1)
67 creatures vanquished.

Notes
Turn   | Place    | Note
-------+----------+-------------------------------------------
     0 | D:1      | Morbidden the Demonspawn Earth Elementalist began the quest
                  | for the Orb.
     0 | D:1      | Reached XP level 1. HP: 13/13 MP: 3/3
    95 | D:1      | Reached skill level 1 in Transmutations
   428 | D:1      | Gained mutation: You sometimes gain a little power by
                  | taking damage. [demonic ancestry]
   428 | D:1      | Reached XP level 2. HP: 17/19 MP: 1/5
  1052 | D:1      | Gained mutation: A meltable shield of frost defends you.
                  | (SH +0) [demonic ancestry]
  1052 | D:1      | Reached XP level 3. HP: 25/25 MP: 3/6
  1460 | D:2      | Learned a level 3 spell: Stone Arrow
  1742 | D:2      | Reached XP level 4. HP: 31/31 MP: 4/8
  1763 | D:2      | Reached skill level 1 in Armour
  2276 | D:3      | Found a faded altar of an unknown god.
  2310 | D:3      | Learned a level 4 spell: Airstrike
  2954 | D:4      | Reached XP level 5. HP: 36/36 MP: 0/9
  3084 | D:4      | Noticed Duvessa
  3086 | D:4      | Noticed Dowan
  3100 | D:4      | Killed from afar by Duvessa

Illustrated notes

Levels and vault maps discovered:
D:1:      saegor_arrival_fortress, layout_loops_ring
D:2:      layout_loops_ring
D:3:      layout_rooms, hellmonk_ecumenical_altar_heavens_door
D:4:      wander_river, layout_rooms, uniq_duvessa, uniq_crazy_yiuf_cottage

Skill      XL: |  1  2  3  4 |
---------------+-------------+-----
Transmutations | 1 |  1.5
Earth Magic    | 3 |  3.6
Dodging        | 2 |  2.1
Armour         | 1 |  1.1
Spellcasting   | 3 |  3.2
Fighting       | |  0.8
Stealth        | |  1.8
Shields        | |  0.1
Conjurations   | |  0.1
Air Magic      | |  0.1

Action                     |  1- 3 |  4- 6 || total
---------------------------+-------+-------++-------
  Melee: Unarmed           |    39 |       ||    39
   Cast: Sandblast         |    65 |    48 ||   113
 Armour: Robe              |    16 |       ||    16
  Dodge: Dodged            |    56 |     4 ||    60
  Block: Other             |    10 |     4 ||    14

Table legend: (Time is in decaauts)
 A = Elapsed time spent in this place.
 B = Non-inter-level travel time spent in this place.
 C = Inter-level travel time spent in this place.
 D = Time resting spent in this place.
 E = Time spent auto-exploring this place.
 F = Levels seen in this place.
 G = Mean time per level.
                   A        B        C        D        E       F      G
               +--------+--------+--------+--------+--------+-----+--------+
         Total |   3154 |   3047 |    107 |    282 |   2290 |   4 |  788.5 |
       Dungeon |   3154 |   3047 |    107 |    282 |   2290 |   4 |  788.5 |
               +--------+--------+--------+--------+--------+-----+--------+

Top non-repeatable levels by time:
     D:1: 1246 daAuts
     D:2: 1058 daAuts
     D:3: 584 daAuts
     D:4: 264 daAuts
